 Dungeon Crawl Stone Soup version 0.19-a0-1907-gcff654f (webtiles) character file.

24 Lianjan the Vexing (level 2, 0/19 HPs)
             Began as a Vampire Enchanter on Oct 22, 2016.
             Slain by an ooze (4 damage)
             ... on level 1 of the Dungeon.
             The game lasted 00:08:17 (1094 turns).

Lianjan the Vexing (Vampire Enchanter)              Turns: 1094, Time: 00:08:18

Health: 0/19       AC:  3    Str:  7    XL:     2   Next: 79%
Magic:  1/5        EV: 12    Int: 17    God:
Gold:   16         SH:  0    Dex: 14    Spells: 2 memorised, 2 levels left

rFire  . . .     SeeInvis +     a - +1 dagger
rCold  + . .     Gourm    .     b - +1 robe
rNeg   + + .     Faith    .     (no shield)
rPois  +         Spirit   .     (no helmet)
rElec  .         Reflect  .     (no cloak)
rCorr  .         Harm     .     (no gloves)
MR     .....                    (no boots)
Stlth  ++++......               (no amulet)
                                (no ring)
                                (no ring)

@: lethally poisoned (0 -> -5), regenerating slowly
A: fangs 3, see invisible, unbreathing
a: no special abilities


You were on level 1 of the Dungeon.
You were thirsty.

You visited 1 branch of the dungeon, and saw 1 of its levels.

You collected 16 gold pieces.

Inventory:

Hand Weapons
 a - a +1 dagger (weapon)
 f - a +0 hunting sling
Missiles
 h - 2 javelins (quivered)
Armour
 b - a +1 robe (worn)
 e - a +0 leather armour
Jewellery
 g - an uncursed ring of fire
Scrolls
 i - a scroll of teleportation {unknown}
Potions
 d - 7 potions of blood
 j - a potion of heal wounds {unknown}
Books
 c - a book of Maledictions

   Spells                             Type                      Level
   a - Corona                         Hexes                        1
   b - Ensorcelled Hibernation        Hexes/Ice                    2
   c - Confuse                        Hexes                        3
   d - Tukima's Dance                 Hexes                        3
   e - Dazzling Spray                 Conjuration/Hexes            3


   Skills:
 - Level 2.0 Short Blades
 - Level 2.1 Dodging
 + Level 4.7 Stealth
 - Level 2.0 Spellcasting
 + Level 4.8 Hexes
 + Level 1.0 Ice Magic


You had 2 spell levels left.
You knew the following spells:

 Your Spells              Type           Power        Failure   Level  Hunger
a - Corona                Hex            ###....      2%          1    #......
b - Ensorcelled Hibernat  Hex/Ice        ##....       12%         2    ###....


Dungeon Overview and Level Annotations

Branches:
Dungeon (1/15)

Altars:


Innate Abilities, Weirdness & Mutations

You heal slowly.
You have razor-sharp teeth.
You have supernaturally acute eyesight. (SInv)
You can survive without breathing.


Message History

Aiming: Ensorcelled Hibernation
Press: ? - help, Shift-Dir - straight line, f/p - adder
Aim: an adder (moderately wounded, not susceptible)
The adder is unaffected.
The adder bites you. The ooze closely misses you. The adder bites you.
* * * LOW HITPOINT WARNING * * *
You are lethally poisoned!
The adder poisons you!
Casting: Ensorcelled Hibernation
Confirm with . or Enter, or press ? or * to list all spells.
You don't have enough magic to cast that spell.
Casting: Ensorcelled Hibernation
Confirm with . or Enter, or press ? or * to list all spells.
Aiming: Corona
Press: ? - help, Shift-Dir - straight line, f/p - adder
Aim: an adder (moderately wounded, chance to defeat MR: 65%)
The adder barely resists.
* * * LOW HITPOINT WARNING * * *
You feel sick. The ooze hits you.
You die...

#.# #.# #.# #.###.# ..## #.# #.#
#.# #.# #..# ####.#### #.# #.#
#.# ≈≈≈## #.......#####.# #.# #.#
≈≈≈.# #.......##....# #.###.#
♣≈♣≈####.......##.#### #.##..#
.≈.............#.....# #......
.....###.......#..##.# #####.#
..##.##........#@.##.# #.#
..##.##........SJ..#.# ##.#
......#...#####......#########..#
..##..##.#####..................#
..##.....# #.........#########..#
..##.##### #.#.......##.........#
..##.# #.##.................#
..##.#### #.###...####.######..#
..>.....####.####.###...# #..#


You could see an ooze and an adder.

Vanquished Creatures
  An ooze (D:1)
  A dart slug (D:1)
  A giant cockroach (D:1)
  4 goblins (D:1)
  2 hobgoblins (D:1)
  2 kobolds (D:1)
  A ball python (D:1)
  A frilled lizard (D:1)
  5 rats (D:1)
18 creatures vanquished.

Notes
Turn   | Place    | Note
-------+----------+-------------------------------------------
     0 | D:1      | Lianjan the Vampire Enchanter began the quest for the Orb.
     0 | D:1      | Reached XP level 1. HP: 13/13 MP: 3/3
   122 | D:1      | Reached XP level 2. HP: 19/19 MP: 5/5
   126 | D:1      | Learned a level 2 spell: Ensorcelled Hibernation
   808 | D:1      | Reached skill level 1 in Ice Magic
  1094 | D:1      | Slain by an ooze

Vault maps used:
D:1:      lightli_arrival_noodles, roderic_lattice_a, serial_bayou_pond_d,
          grunt_decor_clamped, serial_bayou_pond_d

Skill      XL: |  1  2 |
---------------+-------+-----
Short Blades   | 2 |  2.0
Ice Magic      | 1 |  1.0
Dodging        | |  2.1
Stealth        | |  4.7
Spellcasting   | |  2.0
Hexes          | |  4.8

Action                   || total
-------------------------++-------
Melee: Dagger            ||    73
       Bite              ||     4
Throw: Javelin           ||     2
 Cast: Corona            ||     7
       Ensorcelled Hiber ||     3
 Stab: Sleeping          ||     2
Armor: Leather armour    ||     3
       Robe              ||     5
Dodge: Dodged            ||    37
